 Dungeon Crawl Stone Soup version 0.22-a0-393-g7f50228 (webtiles) character file.

40208 Hexagon the Unseen (level 13, -3/65 HPs)
             Began as a Spriggan Enchanter on May 1, 2018.
             Was an Elder of Ashenzari.
             Engulfed by a cloud of flame (10 damage)
             ... in a volcano on May 2, 2018.
             The game lasted 03:23:57 (19987 turns).

Hexagon the Unseen (Spriggan Enchanter)            Turns: 19987, Time: 03:23:58

Health: -3/65      AC:  4    Str:  8    XL:     13   Next: 73%
Magic:  30/30      EV: 31    Int: 18    God:    Ashenzari [****..]
Gold:   454        SH:  0    Dex: 16    Spells: 12/36 levels left

rFire    . . .     SeeInvis +   c - +2 dagger (freeze) (curse)
rCold    . . .     Gourm    .   (shield restricted)
rNeg     . . .     Faith    .   y - +2 robe {MR+}
rPois    .         Spirit   .   (helmet restricted)
rElec    .         Reflect  .   (no cloak)
rCorr    +         Harm     .   (gloves unavailable)
MR       ++++.     Clarity  +   (boots unavailable)
Stlth    ++++++....             r - amulet of magic regeneration (curse)
HPRegen  0.20/turn              w - ring of protection from magic (curse)
MPRegen  0.47/turn              z - ring of resist corrosion (curse)

@: slightly contaminated, very quick
A: very small, unfitting armour, see invisible, herbivore, speed 3, slow
metabolism 2
a: Curse Item, Scrying, Renounce Religion


You were in a volcano.
You worshipped Ashenzari.
Ashenzari was greatly pleased with you.
You were not hungry.

You visited 3 branches of the dungeon, and saw 17 of its levels.
You also visited: Labyrinth, Ossuary and Volcano.

You collected 1054 gold pieces.
You spent 600 gold pieces at shops.

Inventory:

Hand Weapons
 a - a +1 dagger
 c - a cursed +2 dagger of freezing (weapon)
 M - a +2 dagger of venom
 S - the +10 long sword "Raoqotraa" {pain, Stlth+}
   (You found it on level 3 of the Lair of Beasts)

   In the hands of one skilled in necromantic magic, it inflicts extra damage on
   living creatures.
   It makes you more stealthy.
Armour
 y - a +2 robe of magic resistance (worn)
 J - a +2 robe of positive energy
Jewellery
 r - a cursed amulet of magic regeneration (around neck)
 w - a cursed ring of protection from magic (left hand)
 z - a cursed ring of resist corrosion (right hand)
 K - the ring of Xaqen {*Corrode rN+ Str-3 Dex+8 Stlth+}
   (You found it on level 9 of the Dungeon)

   [ring of positive energy]

   It affects your strength (-3).
   It affects your dexterity (+8).
   It protects you from negative energy.
   It may corrode you when you take damage.
   It makes you more stealthy.
 U - a +3 ring of intelligence
Wands
 u - a wand of scattershot (7)
 G - a wand of iceblast (25)
 H - a wand of polymorph (30)
 I - a wand of flame (52)
 T - a wand of disintegration (11)
Scrolls
 g - 3 scrolls of amnesia {unknown}
 h - 2 scrolls of enchant weapon {unknown}
 k - 2 scrolls of blinking
 m - 9 scrolls of teleportation
 n - 5 scrolls of immolation {unknown}
 p - 5 scrolls of identify
 B - 2 scrolls of fear {unknown}
 E - 3 scrolls of holy word
 F - 4 scrolls of magic mapping {unknown}
 N - 2 scrolls of noise {unknown}
 O - a scroll of fog {unknown}
 P - 2 scrolls of enchant armour
 Q - 4 scrolls of remove curse
 R - a scroll of brand weapon {unknown}
 V - a scroll of random uselessness {unknown}
Potions
 b - a potion of resistance {unknown}
 e - 3 potions of lignification
 f - 3 potions of degeneration
 i - a potion of brilliance {unknown}
 j - 4 potions of invisibility
 l - a potion of heal wounds
 o - 7 potions of curing
 q - 6 potions of agility
 s - 2 potions of haste
 t - 3 potions of magic
 v - a potion of ambrosia {unknown}
 x - 2 potions of might
 A - 5 potions of berserk rage {unknown}
 C - 2 potions of mutation {unknown}
 D - 3 potions of cancellation {unknown}
 L - a potion of flight {unknown}
Comestibles
 d - 10 rations


   Skills:
 * Level 6.5 Fighting
 - Level 8.5(11.9) Short Blades
 - Level 15.0 Dodging
 * Level 15.5 Stealth
 * Level 12.2 Spellcasting
 - Level 12.1(15.2) Hexes
 + Level 1.5(3.8) Necromancy
 - Level 1.0(3.0) Ice Magic
 - Level 8.0(11.4) Evocations


You had 12 spell levels left.
You knew the following spells:

 Your Spells              Type           Power        Failure   Level  Hunger
a - Corona                Hex            ######.      0%          1    None
b - Ensorcelled Hibernat  Hex/Ice        #####.       1%          2    None
c - Confuse               Hex            ######..     1%          3    None
d - Dazzling Spray        Conj/Hex       #####.       1%          3    None
e - Invisibility          Hex            ######..     1%          6    ######.
f - Summon Butterflies    Summ           ##......     5%          1    None
g - Blink                 Tloc           N/A          8%          2    None
h - Apportation           Tloc           ##....       5%          1    None
i - Borgnjor's Vile Clut  Necr/Erth      ###.......   58%         5    ####...


Dungeon Overview and Level Annotations

Branches:
Dungeon (10/15)            Temple (1/1) D:6            Lair (6/6) D:10
 Shoals (0/4) Lair:4        Snake (0/4) Lair:3        Slime (0/5) Lair:5
    Orc (0/2) D:10

Altars:
Ashenzari
Cheibriados
Dithmenos
Elyvilon
Fedhas
Gozag
Hepliaklqana
Kikubaaqudgha
Makhleb
Nemelex Xobeh
Okawaru
Qazlal
Ru
Sif Muna
Trog
Uskayaw
Vehumet
Wu Jian
Xom
Yredelemnul
Zin
The Shining One
Beogh
Jiyva

Shops:
D:5 (   D:9 :

Annotations:
D:3 Blork the orc
D:5 tijit's ghost, novice OpEE


Innate Abilities, Weirdness & Mutations

You are very small and have problems with some larger weapons.
You are too small for most types of armour.
You have supernaturally acute eyesight. (SInv)
You are a herbivore.
You cover ground extremely quickly.
You need to consume almost no food.


Message History

There is an open door here.
In the distance, the volcano erupts with a roar.
You are engulfed in blazing flames.
You are engulfed in blazing flames.
You are engulfed in blazing flames.
You are engulfed in blazing flames.
You are engulfed in blazing flames.
* * * LOW HITPOINT WARNING * * *
There is an open door here.
You feel much better.
You are engulfed in blazing flames.
You are engulfed in blazing flames.
* * * LOW HITPOINT WARNING * * *
You feel yourself slow down.
You open the door.
A toenail golem and a wizard come into view.
Ashenzari warns you: The wizard is wielding a mace of flaming and wearing a robe of fire resistance.
You are engulfed in blazing flames.
* * * LOW HITPOINT WARNING * * *
You are engulfed in blazing flames.
You die...

#.#########.# ##
#.#)......#.# ####≈§
#.#)[[....#.# §≈≈§≈
#.#.).)[[.'.# *≈≈≈≈≈≈§
#.################ *###
#....§§.§..#....p. ≈ ≈≈#..
########.§.§...8..≈∆ #..
###§§§#, { , #..
##§##@################
##§§#§.#..§§.)#)..#.#..
##§..§.###§#§#####'#.'.∩
§§§≈§.#.§§§§§§§§§.....#..
#§≈§≈≈################### *
§≈≈§§§≈≈§§§≈§§§§§§≈≈≈§≈≈§
**§§≈§§§§≈≈§§§§§§§§§§§≈≈≈§≈
#≈≈§≈≈≈≈≈###§§##§§§≈≈≈§≈≈
##§§≈≈§### ######§≈≈≈≈≈≈≈


There were no monsters in sight!

Vanquished Creatures
  A minotaur (Lab)
  4 hydras
  A dancing weapon (Volcano)
  2 two-headed ogres (D:10)
  Urug (Lair:5)
  Nergalle (Lair:2)
  3 wizards (Volcano)
  Pikel (D:7)
  An ugly thing (D:10)
  4 oklob plants (Lair:5)
  5 black mambas
  4 toenail golems (Volcano)
  A gargoyle (D:9)
  An elephant (Lair:4)
  12 spiny frogs
  Psyche (D:8)
  3 komodo dragons
  3 rime drakes
  2 polar bears
  A troll (D:9)
  Prince Ribbit (Lair:2)
  Grinder (D:6)
  14 blink frogs
  8 hippogriffs
  Sigmund (D:4)
  A fire bat (Lair:6)
  4 wyverns
  2 basilisks (D:10)
  34 yaks
  4 nagas (Lair:3)
  13 water moccasins
  20 porcupines
  Duvessa (D:6)
  7 orc warriors
  3 sky beasts
  2 ice beasts
  2 slaves (D:7)
  A swamp drake (Lair:2)
  3 phantoms
  6 centaurs
  7 ogres
  2 wolves (Lair:3)
  13 crocodiles
  A big kobold (D:9)
  15 bullfrogs
  Dowan (D:6)
  A water moccasin zombie (Ossuary)
  A wyvern skeleton (D:10)
  A scorpion (D:10)
  3 wights (D:9)
  An electric eel (Lair:2)
  3 howler monkeys
  3 crimson imps
  A centaur zombie (D:8)
  A bullfrog zombie (D:6)
  3 bullfrog skeletons
  4 hounds
  2 jellies (D:5)
  2 orc priests
  A centaur skeleton (D:10)
  3 iguanas (D:10)
  9 orc wizards
  7 worker ants
  4 big kobold zombies (Ossuary)
  A hound zombie (D:6)
  A hound skeleton (D:5)
  2 mummies (Ossuary)
  A howler monkey skeleton (D:6)
  3 gnolls (D:6)
  9 adders
  A river rat (Lair:2)
  A shadow imp (D:10)
  4 adder zombies (Ossuary)
  A worm (D:3)
  3 dart slugs
  5 leopard geckos
  51 orcs
  10 bats
  9 giant cockroaches
  2 gnoll zombies (Ossuary)
  12 goblins
  6 hobgoblins
  18 jackals
  16 kobolds
  4 quokkas
  2 ball pythons
  4 frilled lizards
  A goblin skeleton (D:8)
  3 goblin zombies (D:8)
  8 hobgoblin zombies
  A kobold skeleton (D:8)
  7 kobold zombies
  A leopard gecko skeleton (D:5)
  An orc skeleton (D:8)
  9 orc zombies
  2 quokka skeletons
  5 rats
  A butterfly (Lair:5)
474 creatures vanquished.

Vanquished Creatures (others)
  8 fungi
  17 plants
25 creatures vanquished.

Grand Total: 499 creatures vanquished

Notes
Turn   | Place    | Note
-------+----------+-------------------------------------------
     0 | D:1      | Hexagon the Spriggan Enchanter began the quest for the Orb.
     0 | D:1      | Reached XP level 1. HP: 9/9 MP: 5/5
   164 | D:1      | Reached XP level 2. HP: 13/13 MP: 6/6
   168 | D:1      | Learned a level 2 spell: Ensorcelled Hibernation
   715 | D:2      | Reached XP level 3. HP: 16/16 MP: 5/8
   720 | D:2      | Learned a level 3 spell: Confuse
   749 | D:2      | Found an opulent altar of Gozag.
   971 | D:2      | Reached skill level 5 in Stealth
  1197 | D:2      | Reached skill level 1 in Ice Magic
  1197 | D:2      | Reached XP level 4. HP: 21/21 MP: 6/9
  2012 | D:3      | Found a blossoming altar of Fedhas.
  2045 | D:3      | Found a basalt altar of Yredelemnul.
  2059 | D:3      | Found a hide-covered altar of Uskayaw.
  2139 | D:3      | Reached XP level 5. HP: 24/24 MP: 10/10
  2248 | D:3      | Noticed Blork the orc
  2260 | D:3      | Found a deep blue altar of Sif Muna.
  2276 | D:3      | HP: 1/24 [Blork the orc/magic dart (7)]
  2808 | D:4      | Noticed an ogre
  2808 | D:4      | Noticed Sigmund
  2819 | D:4      | Killed an ogre
  2819 | D:4      | Reached XP level 6. HP: 28/28 MP: 5/12
  3321 | D:4      | Killed Sigmund
  3321 | D:4      | Reached skill level 5 in Hexes
  3445 | D:4      | Reached XP level 7. HP: 32/32 MP: 11/14
  3589 | D:4      | Reached skill level 5 in Dodging
  3914 | D:5      | Entered Level 5 of the Dungeon
  3916 | D:5      | Noticed tijit's ghost (novice OpEE)
  4907 | D:5      | Reached skill level 5 in Short Blades
  5074 | D:5      | Found Ycvo's Antique Weapon Boutique.
  5592 | D:6      | Reached XP level 8. HP: 36/36 MP: 13/16
  5650 | D:6      | Reached skill level 5 in Spellcasting
  5662 | D:6      | Noticed Grinder
  5730 | D:6      | Killed Grinder
  6005 | D:6      | Found a shadowy altar of Dithmenos.
  6080 | D:6      | Noticed Duvessa
  6080 | D:6      | Noticed Dowan
  6172 | D:6      | Killed Duvessa
  6209 | D:6      | Killed Dowan
  6738 | D:6      | Found a staircase to the Ecumenical Temple.
  6752 | Temple   | Entered the Ecumenical Temple
  6864 | Temple   | Upgraded the game from 0.22-a0-392-g5dc3fd9 to 0.22-a0-393-g7f50228
  6879 | Temple   | Became a worshipper of Ashenzari the Shackled
  7491 | D:7      | Noticed Pikel
  7716 | D:7      | Found a sand-covered staircase.
  7721 | Ossuary  | Entered an ossuary
  7759 | Ossuary  | Reached XP level 9. HP: 37/39 MP: 14/18
  7764 | Ossuary  | Reached skill level 10 in Stealth
  8670 | D:7      | Killed Pikel
  9087 | D:8      | Reached * piety under Ashenzari
  9136 | D:8      | Found an ornate altar of the Wu Jian Council.
  9907 | D:8      | Found a roughly hewn altar of Beogh.
 10648 | D:8      | Found a shimmering altar of Xom.
 10649 | D:8      | Found a hazy altar of Hepliaklqana.
 10649 | D:8      | Noticed an unseen horror
 10650 | D:8      | Noticed a spectral ugly thing
 10650 | D:8      | Noticed an unseen horror
 10922 | D:8      | Found a glowing golden altar of the Shining One.
 10929 | D:8      | Noticed Psyche
 11000 | D:8      | Killed Psyche
 11000 | D:8      | Reached skill level 10 in Dodging
 11000 | D:8      | Reached XP level 10. HP: 44/44 MP: 17/21
 11171 | D:9      | Found a sacrificial altar of Ru.
 11187 | D:9      | Learned a level 3 spell: Dazzling Spray
 11244 | D:9      | Reached skill level 1 in Fighting
 11249 | D:9      | Reached skill level 1 in Evocations
 11649 | D:9      | Noticed a gargoyle
 11726 | D:9      | Killed a gargoyle
 11742 | D:9      | Found a white marble altar of Elyvilon.
 11744 | D:9      | Found a glowing silver altar of Zin.
 11997 | D:9      | Identified the ring of Xaqen {*Corrode rN+ Str-3 Dex+8 Stlth+}
 12068 | D:9      | Reached ** piety under Ashenzari
 12695 | D:9      | Found Jos Soso's Book Boutique.
 12725 | D:9      | Found a bloodstained altar of Trog.
 12820 | D:10     | Entered Level 10 of the Dungeon
 12820 | D:10     | Found a staircase to the Orcish Mines.
 12823 | D:10     | Noticed a cyan ugly thing
 12881 | D:10     | Noticed a two-headed ogre
 12983 | D:10     | Killed a two-headed ogre
 13414 | D:10     | Reached XP level 11. HP: 39/52 MP: 20/23
 13460 | D:10     | Found a staircase to the Lair.
 13606 | D:9      | Bought a book of Party Tricks for 600 gold pieces
 13613 | D:9      | Learned a level 6 spell: Invisibility
 13615 | D:9      | Learned a level 1 spell: Summon Butterflies
 13989 | D:10     | Noticed a two-headed ogre
 14030 | D:10     | Killed a two-headed ogre
 14121 | D:10     | Killed a cyan ugly thing
 14132 | Lair:1   | Entered Level 1 of the Lair of Beasts
 14431 | Lair:1   | Noticed an eight-headed hydra
 14456 | Lair:1   | Killed an eight-headed hydra
 14620 | Lair:1   | Reached skill level 5 in Evocations
 15255 | Lair:2   | Noticed Nergalle
 15262 | Lair:2   | Killed Nergalle
 15270 | Lair:2   | Reached XP level 12. HP: 59/59 MP: 26/26
 15411 | Lair:2   | Reached skill level 5 in Fighting
 15457 | Lair:2   | Reached *** piety under Ashenzari
 15507 | Lair:2   | Noticed Prince Ribbit
 15518 | Lair:2   | Killed Prince Ribbit
 15556 | Lair:2   | Reached skill level 10 in Hexes
 16527 | Lair:3   | Found a staircase to the Snake Pit.
 16557 | Lair:3   | Reached skill level 10 in Spellcasting
 16576 | Lair:3   | Reached **** piety under Ashenzari
 16697 | Lair:3   | Identified the +10 long sword "Raoqotraa" {pain, Stlth+}
 16721 | Lair:3   | Reached skill level 15 in Stealth
 16948 | Lair:4   | Found a staircase to the Shoals.
 16966 | Lair:4   | Found a labyrinth entrance.
 16975 | Lab      | Entered a labyrinth
 17076 | Lab      | Found an exit through the horrors of the Abyss.
 17284 | Lab      | Noticed a minotaur
 17338 | Lab      | Killed a minotaur
 17339 | Lab      | Identified Sikost's Reference Book on Good Luck and Translocation
 17344 | Lab      | Learned a level 2 spell: Blink
 17955 | Lair:4   | Reached XP level 13. HP: 65/65 MP: 28/28
 18953 | Lair:5   | Found a viscous altar of Jiyva.
 18953 | Lair:5   | Found a staircase to the Slime Pits.
 19306 | Lair:5   | Reached skill level 15 in Dodging
 19312 | Lair:5   | Learned a level 1 spell: Apportation
 19318 | Lair:5   | Learned a level 5 spell: Borgnjor's Vile Clutch
 19518 | Lair:5   | Noticed Urug
 19539 | Lair:5   | Killed Urug
 19742 | Lair:6   | Entered Level 6 of the Lair of Beasts
 19801 | Lair:6   | Found a dark tunnel.
 19811 | Volcano  | Entered a volcano
 19819 | Volcano  | Reached skill level 1 in Necromancy
 19987 | Volcano  | Engulfed by a cloud of flame

Vault maps used:
D:1:      nzn_arrival_crosshair, minmay_heptomino_o4
D:2:      minmay_kobold_bridge, grunt_gozag_statues
D:3:      tgw_sif, grunt_temple_overflow_open, due_unseen_surprise
D:4:      uniq_sigmund
D:5:      serial_shops, nicolae_shop_trees, first_ration
D:6:      lemuel_doored_altar, minmay_temple_entry_junction, uniq_duvessa,
          uniq_grinder, uniq_blork_the_orc
D:7:      lemuel_ice_spiral_2, enter_ossuary_2, uniq_pikel
D:8:      regret_index_temple_of_mockery, kennysheep_mini_moat,
          nicolae_tso_besieged_by_evil, special_room, uniq_psyche
D:9:      lemuel_coloured_pillars_altar, nicolae_ru_great_annihilating_truth,
          nicolae_overflow_hidden_temple, serial_shops, nicolae_shop_crystal
D:10:     minmay_lair_entry_grove
Temple:   kb_temple_of_zot
Lair:1:   grunt_megastairs_5, infiniplex_staircase_pool_2, serial_bayou_shore_b
Lair:2:   pond, infiniplex_staircase_pool, uniq_prince_ribbit2, uniq_nergalle
Lair:3:   guppyfry_snake_entry_garden, beast_lair_carwin_4, lemuel_fruit_tree
Lair:4:   minmay_shoals_entry_centaurs, lab_entry_generic, st_stairs_8,
          beast_lair_carwin_6
Lair:5:   slime_altar_1, lemuel_fruit_fields, minmay_lair_oklob_chamber,
          grunt_megastairs_1, uniq_urug
Lair:6:   minmay_lair_end_enchanted_forest, nicolae_volcano_entry_batcave
Lab:      nicolae_lab_do_over, labyrinth_fake_exit, lab_block
Ossuary:  ossuary_tomb_2
Volcano:  volcano_bunker

Skill      XL: |  1  2  3  4  5  6  7  8  9 10 11 12 13 |
---------------+----------------------------------------+-----
Hexes          | 4 5 6 7 8 9 11 12 | 12.1
Stealth        | 5 6 7 8 9 11 12 14 15 | 15.5
Spellcasting   | 3 4 5 6 7 9 10 12 | 12.2
Ice Magic      | 1 |  1.0
Short Blades   | 2 3 5 6 8 |  8.5
Dodging        | 4 6 7 10 11 12 14 15 | 15.0
Fighting       | 3 4 6 |  6.5
Evocations     | 3 5 6 8 |  8.0
Necromancy     | 1 |  1.5

Action                   |  1- 3 |  4- 6 |  7- 9 | 10-12 | 13-15 || total
-------------------------+-------+-------+-------+-------+-------++-------
Melee: Dagger            |    72 |   144 |   675 |   657 |   189 ||  1737
 Cast: Ensorcelled Hiber |    14 |    37 |    71 |   150 |    10 ||   282
       Confuse           |       |     1 |    48 |    45 |    10 ||   104
       Dazzling Spray    |       |       |       |     2 |       ||     2
       Invisibility      |       |       |       |     5 |     8 ||    13
       Blink             |       |       |       |       |     1 ||     1
Invok: Curse Item        |       |       |     3 |     1 |       ||     4
       Scrying           |       |       |       |     7 |       ||     7
  Use: Potion            |       |       |     3 |     4 |     3 ||    10
       Scroll            |       |       |       |    12 |       ||    12
 Stab: Sleeping          |    19 |    33 |    52 |   120 |    24 ||   248
       Confused          |       |       |    25 |    28 |     5 ||    58
       Distracted        |       |       |     3 |     5 |       ||     8
       Invisible         |       |       |       |    12 |    31 ||    43
  Eat: Ration            |       |     1 |     6 |     5 |     3 ||    15
Armor: Robe              |     5 |     7 |    22 |    13 |     3 ||    50
Dodge: Dodged            |    49 |   109 |   335 |   354 |   108 ||   955

Table legend:
 A = Spawn XP
 B = Non-spawn XP
 C = Spawn XP percentage of total XP
 D = Spawn monster count
 E = Non-spawn monster count
 F = Spawn count percentage of total count
 G = Total turns spent on level
                    A         B        C        D         E        F      G
               +---------+---------+-------+---------+---------+-------+---------
         Total |       0 |   57441 |   0.0 |       0 |     470 |   0.0 | 19987
               +---------+---------+-------+---------+---------+-------+---------
           D:1 |       0 |      30 |   0.0 |       0 |      16 |   0.0 |   614
           D:2 |       0 |      82 |   0.0 |       0 |      31 |   0.0 |   823
           D:3 |       0 |      98 |   0.0 |       0 |      24 |   0.0 |  1279
           D:4 |       0 |     709 |   0.0 |       0 |      26 |   0.0 |  1568
           D:5 |       0 |     494 |   0.0 |       0 |      12 |   0.0 |  1301
           D:6 |       0 |     995 |   0.0 |       0 |      20 |   0.0 |  1844
           D:7 |       0 |    1404 |   0.0 |       0 |      16 |   0.0 |  1038
           D:8 |       0 |    1707 |   0.0 |       0 |      52 |   0.0 |  1985
           D:9 |       0 |    3553 |   0.0 |       0 |      41 |   0.0 |  1964
          D:10 |       0 |    4955 |   0.0 |       0 |      41 |   0.0 |  1042
        Lair:1 |       0 |    6545 |   0.0 |       0 |      30 |   0.0 |  1131
        Lair:2 |       0 |    5747 |   0.0 |       0 |      27 |   0.0 |   928
        Lair:3 |       0 |    5426 |   0.0 |       0 |      27 |   0.0 |   731
        Lair:4 |       0 |    7186 |   0.0 |       0 |      28 |   0.0 |  1100
        Lair:5 |       0 |   11729 |   0.0 |       0 |      36 |   0.0 |  1354
        Lair:6 |       0 |     549 |   0.0 |       0 |       3 |   0.0 |    65
           Lab |       0 |    1231 |   0.0 |       0 |       1 |   0.0 |   370
       Ossuary |       0 |     263 |   0.0 |       0 |      31 |   0.0 |   516
       Volcano |       0 |    4738 |   0.0 |       0 |       8 |   0.0 |   176
               +---------+---------+-------+---------+---------+-------+---------
